 Dungeon Crawl Stone Soup version 0.29-a0-1009-g60c99734e7 (webtiles) character file.

Game seed: 3885729373464357151

21372 Sobieck the Earth Mage (level 12, 0/81 HPs)
             Began as a Ghoul Earth Elementalist on Aug 8, 2022.
             Was a Follower of Ru.
             Slain by Snorg (14 damage)
             ... on level 12 of the Dungeon.
             The game lasted 00:32:05 (16726 turns).

Sobieck the Earth Mage (Ghoul Earth Elementalist)  Turns: 16726, Time: 00:32:06

Health: 0/81       AC: 11    Str: 13    XL:     12   Next: 89%
Magic:  20/43      EV: 12    Int: 14    God:    Ru [*.....]
Gold:   580        SH:  0    Dex:  9    Spells: 28/32 levels left

rFire   + . .      SeeInvis +   a - +11 spear of Ycinatuh {vorpal, rElec SInv, polearm}
rCold   + + .      Faith    .   (no shield)
rNeg    + + +      Spirit   .   q - +0 steam dragon scales
rPois   ∞          Reflect  .   Z - +1 helmet
rElec   +          Harm     .   v - scarf {rC+ rF+}
rCorr   .          Rampage  .   T - +2 pair of gloves
Will    .....                   E - +0 pair of boots
Stlth   ++........              B - amulet of magic regeneration {@e2}
HPRegen 0.00/turn               s - ring of magical power
MPRegen 0.68/turn               g - ring of magical power

@: inhibited regen
A: claws 1, cold resistance 1, negative energy resistance 3, inhibited
regeneration, torment resistance 2, inability to train armour, devour on kill
a: Renounce Religion


You were on level 12 of the Dungeon.
You worshipped Ru.
Ru was aware of your devotion.
You visited 2 branches of the dungeon, and saw 13 of its levels.
You also visited: Bailey.

You collected 820 gold pieces.
You spent 240 gold pieces at shops.


Innate Abilities, Weirdness & Mutations

You are immune to poison.
You have sharp fingernails.
Your flesh is cold resistant. (rC+)
You are immune to negative energy. (rN+++)
You do not regenerate when monsters are visible.
You are immune to unholy pain and torment.
You cannot train Armour skill.
You thrive by killing the living.


   Skills:
 - Level 1.7 Dodging
 - Level 2.1 Stealth
 + Level 10.6 Spellcasting
 - Level 0.8 Transmutations
 * Level 19.0 Earth Magic


You had 28 spell levels left.
You knew the following spells:

 Your Spells              Type           Power      Damage    Failure   Level
a - Sandblast             Erth           100%       2d20      0%          1
b - Stone Arrow           Conj/Erth      68%        3d11      1%          3

Your spell library contained the following spells:

 Spells                   Type           Power      Damage    Failure   Level
 Passwall                 Tmut/Erth      29%        N/A       1%          2
 Petrify                  Tmut/Erth      35%        N/A       1%          4
 Summon Small Mammal      Summ           28%        N/A       10%         1
 Call Canine Familiar     Summ           7%         N/A       30%         3
 Dazzling Flash           Conj/Hex       14%        N/A       30%         3
 Summon Guardian Golem    Hex/Summ       7%         N/A       30%         3
 Tukima's Dance           Hex            7%         N/A       30%         3
 Iskenderun's Mystic Bla  Conj/Tloc      7%         2d4       69%         4
 Passage of Golubria      Tloc           7%         N/A       69%         4
 Yara's Violent Unravell  Hex/Tmut       4%         3d4       92%         5
 Freezing Cloud           Conj/Ice/Air   3%         6-21      95%         5
 Simulacrum               Ice/Necr       3%         N/A       100%        6
 Starburst                Conj/Fire      3%         6d3       100%        6
 Polar Vortex             Ice            3%         N/A       100%        9

Inventory:

Hand Weapons
 a - the +11 spear of Ycinatuh (weapon) {vorpal, rElec SInv, polearm}
   (You found it on level 2 of the Dungeon)

   It inflicts extra damage upon your enemies.
   rElec:     It insulates you from electricity.
   SInv:      It lets you see invisible.
 b - a +2 sling of freezing
   (You found it on level 1 of the Dungeon)
 e - a +0 club {mace}
   (You took it off a kobold on level 1 of the Dungeon)
 h - a +0 short sword {short}
   (You found it on level 1 of the Dungeon)
 i - a +0 short sword {short}
   (You took it off a kobold on level 1 of the Dungeon)
 m - a +0 dagger {short}
   (You found it on level 1 of the Dungeon)
 F - the +4 dagger of Nitai {pain, rN+ Int+3 Dex-4 Stlth+, short}
   (You found it on level 3 of the Dungeon)

   In the hands of one skilled in necromantic magic, it inflicts extra damage on
   living creatures.
   Int:       It affects your intelligence (+3).
   Dex:       It affects your dexterity (-4).
   rN:        It protects you from negative energy.
   Stlth:     It makes you more stealthy.
Missiles
 d - 130 stones {throwing}
 r - 3 boomerangs of dispersal {=f!fthrowing}
 A - 37 poisoned darts {throwing}
 D - a curare-tipped dart {=fthrowing}
 U - 4 javelins {throwing}
 X - 3 boomerangs {throwing}
Armour
 q - +0 steam dragon scales (worn)
   (You took it off Maggie on level 8 of the Dungeon)
 v - a scarf of resistance (worn)
   (You found it on level 5 of the Dungeon)
 E - a +0 pair of boots (worn)
   (You found it on level 3 of the Dungeon)
 T - a +2 pair of gloves (worn)
   (You found it on level 5 of the Dungeon)
 V - a +0 leather armour
   (You found it on level 5 of the Dungeon)
 W - a +0 leather armour
   (You took it off an orc on level 5 of the Dungeon)
 Y - a +0 leather armour
   (You took it off an orc on level 5 of the Dungeon)
 Z - a +1 helmet (worn)
   (You found it on level 5 of the Dungeon)
Magical Staves
 O - a staff of fire {!astaff}
   (You found it in a bailey)
Jewellery
 g - a ring of magical power (right hand)
   (You found it on level 12 of the Dungeon)
 s - a ring of magical power (left hand)
   (You bought it in a shop on level 6 of the Dungeon)
 t - an amulet of regeneration {@e2}
   (You took it off a gnoll on level 6 of the Dungeon)
 B - an amulet of magic regeneration (around neck) {@e2}
   (You found it on level 12 of the Dungeon)
 H - a +4 ring of protection
   (You found it on level 7 of the Dungeon)
 I - a ring of see invisible
   (You found it on level 7 of the Dungeon)
Wands
 l - a wand of flame (13)
   (You took it off Pikel on level 8 of the Dungeon)
 n - a wand of iceblast (13)
   (You found it on level 7 of the Dungeon)
 N - a wand of mindburst (20)
   (You found it on level 4 of the Dungeon)
 P - a wand of charming (6)
   (You found it on level 11 of the Dungeon)
 Q - a wand of light (4)
   (You found it on level 11 of the Dungeon)
Scrolls
 f - 5 scrolls of magic mapping {!r}
 j - a scroll of amnesia {unknown}
 u - 2 scrolls of immolation {unknown}
 w - 4 scrolls of fear
 x - a scroll of poison
 M - a scroll of teleportation {@r4}
Potions
 c - 4 potions of haste {@q3}
 k - 7 potions of curing {@q1}
 o - 3 potions of mutation
 p - 2 potions of heal wounds {@q2}
 y - 2 potions of flight
 z - 3 potions of lignification
 C - 2 potions of ambrosia
 G - 2 potions of might
 J - a potion of resistance
 K - a potion of brilliance
 L - 3 potions of degeneration {!q@e2}
Miscellaneous
 R - a condenser vane
   (You found it on level 11 of the Dungeon)
 S - a phial of floods
   (You found it on level 12 of the Dungeon)

Dungeon Overview and Level Annotations

Branches:
Dungeon (12/15) Zot: 26148  Temple (1/1) D:5 Zot: 5842    Lair (0/5) D:10
    Orc (0/2) D:9          Bailey (visited)

Altars:
Ashenzari
Cheibriados
Dithmenos
Fedhas
Gozag
Hepliaklqana
Kikubaaqudgha
Makhleb
Nemelex Xobeh
Okawaru
Qazlal
Ru
Sif Muna
Trog
Uskayaw
Vehumet
Wu Jian
Xom
Yredelemnul

Shops:
D:6 =

Portals:
Trove: D:10 (give horn of Geryon)

Annotations:
D:7 3 runed translucent doors, miket3c's ghost, novice TeFE
D:9 4 transporters, jfcaron's ghost, journeyman GnHu
D:10 1 runed translucent door
D:12 exclusion: obsidian statue, Snorg

#.?.# #..!+ #...# ###
#...# #[.) #...# [....
#...# ########
..[$..#...####...)..#
?.....T@..##......#.#
......#...##.....##.#
(.... #...#......##.####
#!.[ #........####.....
##### ################.#
#...# #.# #......# #...#
#.# ######## #...# #.#
#[..#########.###########


You could see Snorg (berserk).


Message History

Confirm with . or Enter, or press ? or * to list all spells.
Aiming: Stone Arrow (safe; 1% risk of failure)
Press: ? - help, Shift-Dir - straight line, f/p - eight-headed hydra
Aim: an eight-headed hydra (heavily wounded, 91% to hit)
The stone arrow hits the eight-headed hydra!!
The eight-headed hydra bites you.
The eight-headed hydra bites you but does no damage.
The eight-headed hydra closely misses you.
The eight-headed hydra bites you!
The eight-headed hydra closely misses you.
The eight-headed hydra bites you but does no damage.
The eight-headed hydra barely misses you.
The eight-headed hydra bites you.
Casting: Stone Arrow (safe; 1% risk of failure)
Confirm with . or Enter, or press ? or * to list all spells.
Aiming: Stone Arrow (safe; 1% risk of failure)
Press: ? - help, Shift-Dir - straight line, f/p - eight-headed hydra
Aim: an eight-headed hydra (almost dead, 91% to hit)
The stone arrow hits the eight-headed hydra!
You kill the eight-headed hydra!
Unknown command.
You now have 580 gold pieces (gained 19).
You enter the shallow water.
Moving in this stuff is going to be slow.
You enter the shallow water.
Moving in this stuff is going to be slow.
Found an escape hatch in the floor.
Unknown command.
An acid dragon comes into view.
Danger!
The stone arrow hits the acid dragon!
The stone arrow hits the acid dragon!
The stone arrow hits the acid dragon!
You kill the acid dragon!
f - 5 scrolls of magic mapping {!r} (gained 3)
An ogre mage comes into view. It is wielding a +0 whip.
Danger!
You can't see any susceptible monsters within range! (Use Z to cast anyway.) Unknown command.
The ogre mage shouts!
The ogre mage gestures at you while chanting.
The bolt of magma misses you.
The stone arrow hits the ogre mage!!
The stone arrow hits the ogre mage!
The stone arrow hits the ogre mage!
The stone arrow hits the ogre mage!!
You kill the ogre mage!
Your Earth Magic skill increases to level 19!
Unknown command.
You open the door.
Snorg the Insatiable comes into view.
Danger!
The stone arrow hits Snorg!!
The stone arrow misses Snorg.
The stone arrow hits Snorg!
Snorg bites you! Snorg claws you but does no damage. Snorg barely misses you.
The stone arrow hits Snorg!
Snorg closely misses you. Snorg claws you but does no damage.
Snorg barely misses you.
Unknown command.
The stone arrow hits Snorg!
Snorg bites you! Snorg closely misses you. Snorg claws you.
Unknown command.
Casting: Stone Arrow (safe; 1% risk of failure)
Confirm with . or Enter, or press ? or * to list all spells.
Aiming: Stone Arrow (safe; 1% risk of failure)
Press: ? - help, Shift-Dir - straight line, f/p - Snorg
Aim: Snorg (heavily wounded, 74% to hit)
The stone arrow misses Snorg.
Snorg bites you! Snorg closely misses you. Snorg claws you.
* * * LOW HITPOINT WARNING * * *
Casting: Stone Arrow (safe; 1% risk of failure)
Confirm with . or Enter, or press ? or * to list all spells.
Aiming: Stone Arrow (safe; 1% risk of failure)
Press: ? - help, Shift-Dir - straight line, f/p - Snorg
Aim: Snorg (heavily wounded, 74% to hit)
The stone arrow misses Snorg.
Snorg bites you!
* * * LOW HITPOINT WARNING * * *
Snorg claws you but does no damage. Snorg claws you.
* * * LOW HITPOINT WARNING * * *
Casting: Stone Arrow (safe; 1% risk of failure)
Confirm with . or Enter, or press ? or * to list all spells.
Aiming: Stone Arrow (safe; 1% risk of failure)
Press: ? - help, Shift-Dir - straight line, f/p - Snorg
Aim: Snorg (heavily wounded, 74% to hit)
The stone arrow hits Snorg!
Snorg closely misses you. x2; Snorg claws you.
* * * LOW HITPOINT WARNING * * *
Casting: Stone Arrow (safe; 1% risk of failure)
Confirm with . or Enter, or press ? or * to list all spells.
Aiming: Stone Arrow (safe; 1% risk of failure)
Press: ? - help, Shift-Dir - straight line, f/p - Snorg
Aim: Snorg (severely wounded, 74% to hit)
The stone arrow hits Snorg!!
Snorg goes berserk!
Casting: Stone Arrow (safe; 1% risk of failure)
Confirm with . or Enter, or press ? or * to list all spells.
Aiming: Stone Arrow (safe; 1% risk of failure)
Press: ? - help, Shift-Dir - straight line, f/p - Snorg
Aim: Snorg (almost dead, berserk, 74% to hit)
The stone arrow hits Snorg!!
Snorg bites you!
You die...

Skill      XL: |  1  2  3  4  5  6  7  8  9 10 11 12 |
---------------+-------------------------------------+-----
Spellcasting   | 2 3 4 5 6 8 9 10 | 10.6
Earth Magic    | 4 5 6 7 8 10 13 15 17 19 | 19.0
Dodging        | |  1.7
Stealth        | |  2.1
Transmutations | |  0.8

Action                   |  1- 3 |  4- 6 |  7- 9 | 10-12 || total
-------------------------+-------+-------+-------+-------++-------
Melee: Unarmed           |   161 |       |       |       ||   161
       Punch             |     3 |       |     3 |       ||     6
       Spear             |    12 |    90 |   240 |   149 ||   491
Throw: Dart              |       |     4 |       |       ||     4
 Cast: Sandblast         |    21 |     8 |    32 |    15 ||    76
       Stone Arrow       |       |       |    63 |   251 ||   314
Invok: Sacrifice Durabil |       |       |       |     1 ||     1
  Use: Scroll            |       |     7 |     9 |    11 ||    27
       Potion            |       |     1 |       |     5 ||     6
 Stab: Sleeping          |     6 |     6 |     5 |       ||    17
Armor: Robe              |    42 |    17 |    91 |       ||   150
       Steam dragon scal |       |       |       |   162 ||   162
Dodge: Dodged            |   123 |    71 |   197 |   243 ||   634

Levels and vault maps discovered:
D:1:      dpeg_arrival_prison, layout_loops_cross,
          hellmonk_ecumenical_altar_dog_temple, kennysheep_small_spiral,
          minmay_fountain_box, st_stairs_1, minmay_bisected
D:2:      layout_rooms, basic_altar
D:3:      wad_pebble_path, layout_rooms, minmay_splitting_lines
D:4:      layout_layer_cave, chequers_serial_rivers_micro_a,
          kennysheep_generic_room_4
D:5:      layout_basic, mainiacjoe_overflow_brackets, old_standard_altar,
          minmay_temple_entry_statues_pillars, minmay_pentangle
D:6:      layout_basic, serial_shops, nicolae_stop_n_shop_1,
          serial_corexii_hall, corexii_hall_statues_s, corexii_hall_statues_x,
          grunt_ministairs_1, chequers_decorated_corner,
          corexii_item_surrounded_by_moat, kennysheep_doodads,
          amcnicky_mini_rare_corridor_liquid
D:7:      wander_guarded_unrand_ratskin, layout_rooms, minitemple,
          amcnicky_altar_gilded, gammafunk_ghost_nasty_kobolds,
          minmay_quadrilaterals
D:8:      layout_basic, fedhas_altar_3, minmay_misc_feat_diagonals,
          hangedman_glass_teeth, uniq_pikel, uniq_maggie, uniq_amaemon,
          uniq_prince_ribbit1
D:9:      layout_loops_corners, nicolae_ru_path_of_blood, david_orc_2,
          serial_aquarium, aquarium_bridge_long_separate
          [aquarium_subvault_wall, aquarium_subvault_wall,
          aquarium_subvault_bridge, aquarium_subvault_wall,
          aquarium_subvault_bridge, aquarium_subvault_bridge],
          aquarium_bridge_square [aquarium_subvault_wall,
          aquarium_subvault_bridge, aquarium_subvault_bridge,
          aquarium_subvault_bridge], aquarium_window_fake, aquarium_window_fake,
          aquarium_view_2e, gammafunk_ghost_wrathful_warriors,
          nicolae_diode_intersection
D:10:     layout_small_grid, nzn_makhleb_speed_demon, lair_entry_dummy,
          nicolae_trove_entry_crossroad, enter_bailey_3,
          chequers_serial_rivers_micro_e, uniq_grum
D:11:     layout_loops_ring, uniq_nergalle
D:12:     minmay_opposing_rooms, layout_loops_cross, serial_rivers,
          chequers_serial_rivers_marsh, chequers_serial_rivers_micro_c,
          chequers_serial_rivers_room_b, chequers_serial_rivers_small_a,
          chequers_serial_rivers_micro_d, hangedman_devilish_allure,
          uniq_nessos, uniq_snorg, uniq_psyche
Temple:   hellmonk_temple_forest_ring

Notes
Turn   | Place    | Note
-------+----------+-------------------------------------------
     0 | D:1      | Sobieck the Ghoul Earth Elementalist began the quest for
                  | the Orb.
     0 | D:1      | Reached XP level 1. HP: 14/14 MP: 2/2
   174 | D:1      | HP: 3/14 [kobold/+0 club (2)]
   473 | D:1      | Reached XP level 2. HP: 20/20 MP: 3/3
   481 | D:1      | Reached skill level 2 in Spellcasting
   606 | D:1      | Reached skill level 4 in Earth Magic
   861 | D:1      | Found a faded altar of an unknown god.
   885 | D:1      | Reached XP level 3. HP: 17/26 MP: 5/5
   942 | D:1      | HP: 6/26 [jackal (2)]
  1705 | D:1      | Learned a level 3 spell: Stone Arrow
  2157 | D:2      | Found a shimmering altar of Xom.
  2177 | D:2      | Identified the +11 spear of Ycinatuh {vorpal, rElec SInv}
  2331 | D:2      | Reached XP level 4. HP: 33/33 MP: 6/6
  2803 | D:3      | Reached skill level 5 in Earth Magic
  3204 | D:3      | Identified the +4 dagger of Nitai {pain, rN+ Int+3 Dex-4
                  | Stlth+}
  3217 | D:3      | Reached XP level 5. HP: 27/38 MP: 8/8
  3447 | D:3      | You add the spells Tukima's Dance, Passage of Golubria and
                  | Yara's Violent Unravelling to your library.
  3611 | D:3      | Reached skill level 3 in Spellcasting
  3744 | D:4      | Reached skill level 6 in Earth Magic
  3744 | D:4      | Reached XP level 6. HP: 45/45 MP: 9/9
  3936 | D:4      | Reached skill level 7 in Earth Magic
  4111 | D:4      | HP: 6/45 [ogre/+0 giant club (15)]
  4113 | D:4      | Reached XP level 7. HP: 14/50 MP: 7/11
  4935 | D:5      | Entered Level 5 of the Dungeon
  4955 | D:4      | Reached skill level 4 in Spellcasting
  5169 | D:5      | Found a basalt altar of Yredelemnul.
  5363 | D:5      | Reached skill level 8 in Earth Magic
  5475 | D:5      | Reached XP level 8. HP: 55/57 MP: 13/13
  5553 | D:5      | Reached skill level 9 in Earth Magic
  5703 | D:5      | Found a staircase to the Ecumenical Temple.
  5857 | Temple   | Entered the Ecumenical Temple
  6162 | D:5      | Found an opulent altar of Gozag.
  6230 | D:5      | Reached skill level 5 in Spellcasting
  6564 | D:5      | Reached skill level 10 in Earth Magic
  7041 | D:6      | Reached XP level 9. HP: 40/62 MP: 10/16
  7252 | D:6      | You pick up a book of Ice and begin reading...
  7252 | D:6      | You add the spells Freezing Cloud, Simulacrum and Polar
                  | Vortex to your library.
  7355 | D:6      | Found Vuaxtoask's Jewellery Boutique.
  7365 | D:6      | Bought a ring of magical power for 240 gold pieces
  7431 | D:6      | Reached skill level 11 in Earth Magic
  8050 | D:6      | Reached skill level 6 in Spellcasting
  8530 | D:7      | Reached skill level 12 in Earth Magic
  8537 | D:7      | HP: 9/62 [hell rat (15)]
  8544 | D:7      | HP: 10/62 [river rat (5)]
  8553 | D:7      | HP: 15/62 [river rat (1)]
  8558 | D:7      | Found the +2 ratskin cloak {*Rats rPois rN+ Str-1 Int-1
                  | Dex+1}
  8746 | D:7      | Found a runed translucent gate.
  8746 | D:7      | Found a runed translucent gate.
  8749 | D:7      | Noticed miket3c's ghost (novice TeFE)
  8754 | D:7      | Noticed a kobold demonologist
  8755 | D:7      | Found a runed translucent gate.
  8916 | D:7      | You pick up a book of Callings and begin reading...
  8916 | D:7      | You add the spells Summon Small Mammal, Call Canine
                  | Familiar and Summon Guardian Golem to your library.
  9382 | D:7      | Found a bloodstained altar of Trog.
  9384 | D:7      | Found a broken altar of Ashenzari.
  9403 | D:7      | Found a shimmering altar of Xom.
  9403 | D:7      | Found a sparkling altar of Nemelex Xobeh.
  9403 | D:7      | Found a shimmering blue altar of Sif Muna.
  9403 | D:7      | Found a hazy altar of Hepliaklqana.
  9408 | D:7      | Found an ancient bone altar of Kikubaaqudgha.
  9693 | D:8      | You pick up a book of Spectacle and begin reading...
  9693 | D:8      | You add the spells Dazzling Flash, Iskenderun's Mystic
                  | Blast and Starburst to your library.
  9722 | D:8      | Noticed Pikel
  9729 | D:8      | Killed Pikel
  9730 | D:8      | Reached skill level 13 in Earth Magic
  9730 | D:8      | Reached XP level 10. HP: 67/69 MP: 19/19
  9955 | D:8      | Identified a potion of experience
 10015 | D:8      | Noticed Maggie
 10017 | D:8      | Reached skill level 8 in Spellcasting
 10017 | D:8      | Reached skill level 15 in Earth Magic
 10017 | D:8      | Reached XP level 11. HP: 74/74 MP: 22/22
 10038 | D:8      | Killed Maggie
 10315 | D:8      | Noticed Prince Ribbit
 10326 | D:8      | Killed Prince Ribbit
 10327 | D:8      | Reached skill level 16 in Earth Magic
 10467 | D:8      | Found a blossoming altar of Fedhas.
 10868 | D:8      | Noticed Amaemon
 10877 | D:8      | Killed Amaemon
 11237 | D:9      | Noticed a moth of wrath
 11250 | D:9      | Found a bloodstained altar of Trog.
 11250 | D:9      | Noticed a two-headed ogre
 11250 | D:9      | Noticed jfcaron's ghost (journeyman GnHu)
 11256 | D:9      | Found a transporter.
 11273 | D:9      | Found a transporter.
 11285 | D:9      | Identified the +12 mace "Idyummoj" {venom, Str+7}
 11299 | D:9      | Noticed a tengu warrior
 11364 | D:9      | Found a staircase to the Orcish Mines.
 11370 | D:9      | Reached skill level 9 in Spellcasting
 12019 | D:9      | Found a transporter.
 12179 | D:9      | Noticed a two-headed ogre
 12184 | D:9      | Killed a two-headed ogre
 12274 | D:9      | Found a sacrificial altar of Ru.
 12296 | D:9      | Became a worshipper of Ru the Awakened
 12446 | D:9      | Found a transporter.
 12501 | D:9      | Found a transporter.
 12507 | D:9      | Found a transporter.
 12553 | D:10     | Entered Level 10 of the Dungeon
 12561 | D:10     | Found a portal to a secret trove of treasure.
 12568 | D:10     | You pick up a book of Geomancy and begin reading...
 12570 | D:10     | This trove needs the horn of Geryon to function. Give it
                  | the item?
 12629 | D:10     | Found a flagged portal.
 12706 | Bailey   | Entered a bailey
 13282 | Bailey   | Identified the +5 scale mail of the Abyss {rF+ rCorr Dex+2}
 13342 | Bailey   | Reached skill level 17 in Earth Magic
 13525 | Bailey   | Identified the +1 leather armour of the Falcon {rC+}
 13530 | Bailey   | Identified a +0 crystal plate armour
 13531 | Bailey   | Could not pick up a +0 crystal plate armour {rare=g} here;
                  | ([A]lways) ignore it?
 13649 | D:10     | Found a runed translucent door.
 13650 | D:10     | Found a burning altar of Makhleb.
 13650 | D:10     | Noticed a sixfirhy
 13677 | D:10     | Noticed a boulder beetle
 13710 | D:10     | HP: 7/74 [boulder beetle (21)]
 13721 | D:10     | Killed a boulder beetle
 13795 | D:10     | HP: 17/74 [yak (9)]
 13805 | D:10     | Reached XP level 12. HP: 24/81 MP: 18/24
 13943 | D:10     | Noticed a two-headed ogre
 13952 | D:10     | Killed a two-headed ogre
 14064 | D:10     | Found a staircase to the Lair.
 14103 | D:10     | Noticed a two-headed ogre
 14104 | D:10     | Noticed a two-headed ogre
 14174 | D:10     | Killed a two-headed ogre
 14328 | D:10     | Killed a two-headed ogre
 14432 | D:10     | Noticed Grum
 14441 | D:10     | Killed Grum
 14581 | D:10     | Gained mutation: You cannot train Armour skill. [Ru
                  | sacrifice]
 14581 | D:10     | Reached * piety under Ru
 14821 | D:11     | Noticed a boulder beetle
 14833 | D:11     | Killed a boulder beetle
 14834 | D:11     | Reached skill level 10 in Spellcasting
 14834 | D:11     | Reached skill level 18 in Earth Magic
 14970 | D:11     | Noticed a four-headed hydra
 14978 | D:11     | Killed a four-headed hydra
 15465 | D:11     | Noticed Nergalle
 15474 | D:11     | Killed Nergalle
 15886 | D:12     | Noticed a seven-headed hydra
 15928 | D:12     | Killed a seven-headed hydra
 16144 | D:12     | Noticed a sun demon
 16145 | D:12     | Noticed a sun demon
 16219 | D:12     | Noticed a two-headed ogre
 16224 | D:12     | Killed a two-headed ogre
 16425 | D:12     | Noticed an eight-headed hydra
 16429 | D:12     | Killed an eight-headed hydra
 16682 | D:12     | Noticed an ogre mage
 16687 | D:12     | Killed an ogre mage
 16688 | D:12     | Reached skill level 19 in Earth Magic
 16716 | D:12     | Noticed Snorg
 16723 | D:12     | HP: 18/81 [Snorg (5)]
 16726 | D:12     | Slain by Snorg

Vanquished Creatures
  2 boulder beetles
  3 hydras
  An ogre mage (D:12)
  5 two-headed ogres
  Amaemon (D:8)
  Nergalle (D:11)
  Pikel (D:8)
  A deep elf pyromancer (D:12)
  A gargoyle (Bailey)
  An orange demon (D:8)
  Maggie (D:8)
  2 kobold demonologists (D:11)
  A troll (D:9)
  A hornet (D:9)
  Prince Ribbit (D:8)
  A shadow (D:12)
  A vampire (Bailey)
  A wraith (D:11)
  2 wyverns
  5 yaks (D:10)
  Grum (D:10)
  3 water moccasins
  2 acid dragons (D:12)
  4 orc warriors
  3 ice beasts
  2 black bears
  3 centaurs
  3 wolves
  An ogre (D:4)
  2 lemures (D:8)
  4 phantoms
  2 kobold brigands
  2 necrophages (D:6)
  2 scorpions
  10 wights
  12 killer bees
  6 vampire bats (Bailey)
  7 wolf zombies (Bailey)
  2 howler monkeys
  4 hounds
  8 orc priests
  An iron imp (D:12)
  9 iguanas
  8 orc wizards
  3 hell rats (D:7)
  6 gnolls
  11 adders
  24 river rats (D:7)
  2 white imps
  5 ufetubi
  A worm (D:4)
  4 dart slugs
  39 orcs
  9 bats
  10 endoplasms
  2 giant cockroaches (D:1)
  13 goblins
  7 hobgoblins
  10 jackals
  3 quokkas
  13 ball pythons
  2 frilled lizards (D:1)
  18 kobolds
  14 orc zombies (Bailey)
  10 rats
340 creatures vanquished.

Vanquished Creatures (others)
  An orc wizard (D:9)
1 creature vanquished.

Grand Total: 341 creatures vanquished

Table legend:
 A = Non-vault XP
 B = Vault XP
 C = Vault XP percentage of total XP
 D = Non-vault monster count
 E = Vault monster count
 F = Vault count percentage of total count
                 A         B        C        D         E       F
            +---------+---------+-------+---------+---------+-------
      Total |   18001 |    7290 |  28.8 |     233 |     105 |  31.1
            +---------+---------+-------+---------+---------+-------
        D:1 |      45 |      21 |  31.8 |      26 |      13 |  33.3
        D:2 |      61 |       0 |   0.0 |      21 |       0 |   0.0
        D:3 |     121 |       0 |   0.0 |      22 |       0 |   0.0
        D:4 |     573 |       2 |   0.3 |      28 |       1 |   3.4
        D:5 |     739 |     456 |  38.2 |      20 |       9 |  31.0
        D:6 |    1018 |      72 |   6.6 |      18 |       2 |  10.0
        D:7 |     642 |     525 |  45.0 |      20 |      30 |  60.0
        D:8 |     825 |    2466 |  74.9 |      19 |       5 |  20.8
        D:9 |    2179 |     380 |  14.8 |      17 |       7 |  29.2
       D:10 |    4849 |     321 |   6.2 |      19 |       6 |  24.0
       D:11 |    3291 |     755 |  18.7 |      16 |       1 |   5.9
       D:12 |    3658 |     885 |  19.5 |       7 |       2 |  22.2
     Bailey |       0 |    1407 | 100.0 |       0 |      29 | 100.0
            +---------+---------+-------+---------+---------+-------

Illustrated notes

Table legend:
 A = Kills in this place as a percentage of kills in entire the game.
 B = Kills by you in this place as a percentage of kills by you in the entire game.
 C = Kills by friends in this place as a percentage of kills by friends in the entire game.
 D = Other kills in this place as a percentage of other kills in the entire game.
 E = Experience gained in this place as a percentage of experience gained in the entire game.
 F = Experience gained in this place divided by the number of levels of this place that you have seen.
                   A       B       C       D       E      F
               +-------+-------+-------+-------+-------+----------------------
         Total | 100.0 | 100.0 |   N/A |   N/A | 100.0 | 1806.5
       Dungeon |  91.4 |  91.4 |   N/A |   N/A |  94.4 | 1990.3
        Bailey |   8.6 |   8.6 |   N/A |   N/A |   5.6 | 1407.0
               +-------+-------+-------+-------+-------+----------------------

Table legend: (Time is in decaauts)
 A = Elapsed time spent in this place.
 B = Non-inter-level travel time spent in this place.
 C = Inter-level travel time spent in this place.
 D = Time resting spent in this place.
 E = Time spent auto-exploring this place.
 F = Levels seen in this place.
 G = Mean time per level.
                   A        B        C        D        E       F      G
               +--------+--------+--------+--------+--------+-----+--------+
         Total |  16872 |  16547 |    325 |   3231 |  10750 |  14 | 1205.1 |
       Dungeon |  15815 |  15503 |    312 |   2953 |  10215 |  12 | 1317.9 |
        Temple |    157 |    144 |     13 |      0 |    135 |   1 |  157.0 |
        Bailey |    898 |    898 |      0 |    278 |    400 |   1 |  898.0 |
               +--------+--------+--------+--------+--------+-----+--------+

Top non-repeatable levels by time:
     D:1: 2175 daAuts
     D:8: 1730 daAuts
     D:5: 1489 daAuts
     D:7: 1433 daAuts
     D:9: 1422 daAuts
     D:4: 1406 daAuts
    D:10: 1342 daAuts
     D:6: 1279 daAuts
    D:11: 1122 daAuts
  Bailey: 898 daAuts
     D:2: 816 daAuts
    D:12: 815 daAuts
     D:3: 781 daAuts
  Temple: 157 daAuts
